 Dungeon Crawl Stone Soup version 0.31-a0-675-g238779eb0a (webtiles) character file.

Game seed: 17294717327931818732

13197 lunkers the Black Belt (level 12, -3/91 HPs)
             Began as a Meteoran Shapeshifter on Sept 5, 2023.
             Was a High Priest of Okawaru.
             Slain by a komodo dragon (18 damage)
             ... on level 3 of the Lair of Beasts.
             The game lasted 00:11:46 (5115 turns).

lunkers the Black Belt (Meteoran Shapeshifter)      Turns: 5115, Time: 00:11:47

Health: -3/91      AC: 10    Str: 17    XL:     12   Next: 60%
Magic:  18/18      EV: 13    Int: 10    God:    Okawaru [*****.]
Gold:   643        SH:  0    Dex: 18    Spells: 7/11 levels left

rFire   + +          +
                       - Unarmed
rCold   . . .        (shield currently unavailable)
rNeg    . . .        i - +5 ring mail
rPois   +            (no helmet)
rElec   +            (no cloak)
rCorr   +            (no gloves)
SInv    .            (no boots)
Will    +....        g - amulet of regeneration
Stlth   +            j - ring of poison resistance
HPRegen 1.15/turn    D - ring of Deiwiviu {Fly rElec rF+++ rCorr Int-2}
MPRegen 0.16/turn

%: no passive effects
@: flux-form, flying, glowing
A: glow, contaminating, sense surroundings 2, otherworldly, glowing, explore
regen
a: Begin Untransformation, Renounce Religion, Heroism, Finesse, Duel


You were on level 3 of the Lair of Beasts.
You worshipped Okawaru.
Okawaru was extremely pleased with you.
You were something dangerously unstable.
You visited 3 branches of the dungeon, and saw 13 of its levels.
You also visited: Sewer.

You collected 643 gold pieces.

Inventory:

Missiles
 C - a throwing net
Armour
 a - a +0 pair of boots
 i - a +5 ring mail (worn)
Jewellery
 e - an amulet of the acrobat
 g - an amulet of regeneration (around neck)
 j - a ring of poison resistance (left hand)
 m - a ring of resist corrosion
 o - a ring of flight
 s - a ring of protection from cold
 D - the ring of Deiwiviu (right hand) {Fly rElec rF+++ rCorr Int-2}
   (You found it on level 2 of the Lair of Beasts)

   [ring of resist corrosion]

   Int-2:     It affects your intelligence (-2).
   rF+++:     It renders you almost immune to fire.
   rElec:     It insulates you from electricity.
   Fly:       It grants you flight.
   rCorr:     It protects you from acid and corrosion.
Talismans
 c - a beast talisman
 d - a flux talisman (active)
Wands
 f - a wand of iceblast (31)
 v - a wand of paralysis (8)
 F - a wand of polymorph (5)
Scrolls
 p - 2 scrolls of teleportation
 q - 2 scrolls of enchant armour
 u - 3 scrolls of identify
 y - 4 scrolls of vulnerability
 z - a scroll of poison
 B - a scroll of immolation
 E - a scroll of revelation {unknown}
Potions
 b - a potion of lignification
 h - 3 potions of attraction
 k - a potion of resistance
 l - a potion of haste
 n - a potion of cancellation
 r - 6 potions of curing
 t - 2 potions of ambrosia
 w - 3 potions of enlightenment
 x - a potion of heal wounds
 A - a potion of mutation {unknown}


   Skills:
 + Level 4.3 Fighting
 + Level 4.0 Armour
 + Level 4.6 Dodging
 * Level 16.5 Unarmed Combat
 + Level 6.9 Invocations
 + Level 11.4 Shapeshifting


You had 7 spell levels left.
You knew the following spells:

 Your Spells              Type           Power      Damage    Failure   Level
b - Manifold Assault      Tloc           0%         N/A       100%        4

Your spell library contained the following spells:

 Spells                   Type           Power      Damage    Failure   Level
 Magic Dart               Conj           0%         1d3       54%         1
 Blink                    Tloc           0%         N/A       69%         2
 Searing Ray              Conj           0%         2d4       69%         2
 Fulminant Prism          Conj/Hex       0%         3d5       100%        4


Dungeon Overview and Level Annotations

Branches:
Dungeon (9/15) Zot: 1243   Temple (1/1) D:7 Zot: 550    Lair (3/5) D:9 Zot: 1204
  Sewer (visited)
  Swamp: Lair:2-3    Shoals: Lair:2-3     Snake: Lair:2-3    Spider: Lair:2-3
    Orc: D:9-12

Altars:
Ashenzari
Cheibriados
Dithmenos
Elyvilon
Gozag
Hepliaklqana
Kikubaaqudgha
Nemelex Xobeh
Okawaru
Qazlal
Ru
Sif Muna
Trog
Uskayaw
Xom
Zin
The Shining One


Innate Abilities, Weirdness & Mutations

You are something dangerously unstable.
You glow with magical radiation, making you easy to see and hit.
Foes you strike become dangerously contaminated with magical radiation.
You are incapable of wielding weapons or throwing items.
You passively map the area around you.
You are easily found by Zot.
You glow in the dark.
You regain HP and MP as you explore.


Message History

You hit the dream sheep but do no damage.
The dream sheep glows dangerously bright.
The dream sheep is heavily wounded.
The dream sheep misses you. The dream sheep bites you.
* * * LOW HITPOINT WARNING * * *
Unknown command.
You hit the dream sheep.
The dream sheep shudders as magic cascades through it!!
You kill the dream sheep!
Okawaru accepts your kill.
The dream sheep bites you but does no damage.
Your Armour skill increases to level 4!
Unknown command.
You hit the dream sheep but do no damage.
The dream sheep begins to glow.
You punch the dream sheep!
The dream sheep glows dangerously bright.
The dream sheep is heavily wounded.
The dream sheep barely misses you.
Unknown command.
You hit the dream sheep.
The dream sheep shudders as magic cascades through it!!
You kill the dream sheep!
Okawaru accepts your kill.
Found a scroll of identify.
The komodo dragon bites you!!
* * * LOW HITPOINT WARNING * * *
You barely miss the komodo dragon. The komodo dragon bites you!!
* * * LOW HITPOINT WARNING * * *
You punch the komodo dragon!
The komodo dragon begins to glow.
The komodo dragon is moderately wounded.
The komodo dragon closely misses you.
You punch the komodo dragon!
The komodo dragon glows dangerously bright.
The komodo dragon is heavily wounded.
You hit the komodo dragon but do no damage.
The komodo dragon shudders as magic cascades through it.
The komodo dragon twists and deforms.
The komodo dragon is severely wounded.
The komodo dragon bites you!!
You die...

.#....#. * , , ........
#P. * *, ,, ............
..#., ## ,,
....(........#..# #.##*#
.............#..##...#>.
,, , ,
<............#...#......
, , ,
..####P..#..<...........
..### #.................*
* *
#.#P^##.......†.B.......
,
..............†.#l#.....,
.#.......P......†......?
#........P#...........).
, ,
#.#.#......†...........#
,,
...#...............P..>#
#.....................##
,, ,
....................###
.#........#..##....##


You could see a komodo dragon (misshapen).

Vanquished Creatures
  A two-headed ogre (D:8)
  3 death yaks (D:9)
  A bog body (Lair:2)
  Pikel (D:8)
  An ugly thing (D:9)
  Joseph (Lair:1)
  2 cane toads
  4 komodo dragons
  A hornet (D:7)
  9 blink frogs
  5 dream sheep (Lair:3)
  Sigmund (D:6)
  A wyvern (Lair:2)
  4 steam dragons
  4 basilisks
  A swamp worm (Lair:2)
  5 water moccasins
  3 ice beasts
  An orc warrior (D:8)
  A sky beast (D:7)
  3 black bears
  6 wolves (Lair:2)
  2 kobold brigands
  6 bullfrogs
  A scorpion (D:7)
  4 wights (D:6)
  4 killer bees (D:9)
  3 howler monkeys
  A jelly (D:6)
  An orc priest (D:9)
  A gnoll bouda (D:9)
  9 orc wizards
  An iguana (D:4)
  3 hell rats (D:9)
  3 gnolls (D:9)
  6 adders
  4 river rats
  A shadow imp (D:7)
  3 white imps
  2 ufetubi (D:5)
  2 worms (D:3)
  17 orcs
  2 bats
  6 endoplasms
  4 giant cockroaches
  4 goblins
  5 hobgoblins
  4 jackals
  3 quokkas
  5 ball pythons
  3 frilled lizards
  10 kobolds
  6 rats
185 creatures vanquished.

Notes
Turn   | Place    | Note
-------+----------+-------------------------------------------
     0 | D:1      | lunkers the Meteoran Shapeshifter began the quest for the
                  | Orb.
     0 | D:1      | Reached XP level 1. HP: 16/16 MP: 2/2
    32 | D:1      | Reached skill level 4 in Unarmed Combat
    32 | D:1      | Reached XP level 2. HP: 8/23 MP: 3/3
   286 | D:1      | Reached XP level 3. HP: 28/28 MP: 4/4
   821 | D:3      | Reached XP level 4. HP: 33/35 MP: 5/5
   887 | D:3      | Reached skill level 5 in Unarmed Combat
   942 | D:3      | Found a glowing drain.
   987 | Sewer    | Entered a sewer
  1049 | Sewer    | Noticed a kobold brigand
  1067 | Sewer    | Killed a kobold brigand
  1068 | Sewer    | Reached skill level 6 in Unarmed Combat
  1068 | Sewer    | Reached XP level 5. HP: 23/40 MP: 6/6
  1088 | Sewer    | Found a glowing silver altar of Zin.
  1571 | D:3      | Reached XP level 6. HP: 47/47 MP: 7/7
  1674 | D:4      | Noticed a black bear
  1690 | D:4      | Killed a black bear
  1691 | D:4      | Reached skill level 7 in Unarmed Combat
  1691 | D:4      | Reached skill level 5 in Shapeshifting
  2018 | D:4      | Found the +7 Throatcutter {drain, coup de grace}
  2040 | D:4      | Reached XP level 7. HP: 33/52 MP: 8/8
  2139 | D:5      | Entered Level 5 of the Dungeon
  2352 | D:5      | Reached skill level 8 in Unarmed Combat
  2640 | D:6      | Reached XP level 8. HP: 55/59 MP: 9/9
  2712 | D:6      | Noticed Sigmund
  2728 | D:6      | Killed Sigmund
  2729 | D:6      | Reached skill level 9 in Unarmed Combat
  2983 | D:7      | Found a sparkling altar of Nemelex Xobeh.
  3071 | D:7      | Reached skill level 10 in Unarmed Combat
  3081 | D:7      | Found a staircase to the Ecumenical Temple.
  3092 | Temple   | Found a transporter.
  3092 | Temple   | Found a transporter.
  3092 | Temple   | Found a transporter.
  3092 | Temple   | Found a transporter.
  3092 | Temple   | Entered the Ecumenical Temple
  3119 | Temple   | Became a worshipper of Warmaster Okawaru
  3200 | D:7      | Gained mutation: You passively map the area around you.
                  | [Meteoran growth]
  3200 | D:7      | Reached XP level 9. HP: 58/64 MP: 10/10
  3369 | D:7      | Noticed a hornet
  3384 | D:7      | Paralysed by a hornet for 3 turns
  3388 | D:7      | Killed a hornet
  3389 | D:7      | Reached skill level 11 in Unarmed Combat
  3389 | D:7      | Reached * piety under Okawaru
  3624 | D:8      | Reached skill level 12 in Unarmed Combat
  3645 | D:8      | Noticed a two-headed ogre
  3665 | D:8      | Reached ** piety under Okawaru
  3671 | D:8      | Killed a two-headed ogre
  3672 | D:8      | Reached skill level 13 in Unarmed Combat
  3672 | D:8      | Reached XP level 10. HP: 43/71 MP: 11/11
  3731 | D:8      | Reached *** piety under Okawaru
  3880 | D:8      | Noticed Pikel
  3901 | D:8      | Killed Pikel
  3902 | D:8      | Reached skill level 14 in Unarmed Combat
  4084 | D:9      | Reached skill level 1 in Invocations
  4086 | D:9      | Noticed a death yak
  4094 | D:9      | Reached skill level 10 in Shapeshifting
  4097 | D:9      | Reached **** piety under Okawaru
  4102 | D:9      | Noticed a death yak
  4103 | D:9      | Killed a death yak
  4104 | D:9      | Reached XP level 11. HP: 58/77 MP: 11/14
  4112 | D:9      | Killed a death yak
  4112 | D:9      | Reached ***** piety under Okawaru
  4113 | D:9      | Noticed a death yak
  4123 | D:9      | Killed a death yak
  4124 | D:9      | Reached skill level 15 in Unarmed Combat
  4148 | D:9      | Noticed a red ugly thing
  4152 | D:9      | Found a staircase to the Lair.
  4163 | D:9      | Killed a red ugly thing
  4163 | D:9      | Received a gift from Okawaru
  4287 | D:9      | Found a faded altar of an unknown god.
  4287 | D:9      | Found a faded altar of an unknown god.
  4293 | D:9      | Learned a level 4 spell: Manifold Assault
  4300 | D:9      | Found a stormy altar of Qazlal.
  4302 | D:9      | Found a sacrificial altar of Ru.
  4304 | D:9      | Found a shimmering blue altar of Sif Muna.
  4484 | Lair:1   | Entered Level 1 of the Lair of Beasts
  4508 | Lair:1   | Reached skill level 5 in Invocations
  4523 | Lair:1   | Reached skill level 1 in Armour
  4540 | Lair:1   | Noticed Joseph
  4560 | Lair:1   | Killed Joseph
  4654 | Lair:2   | Received a gift from Okawaru
  4756 | Lair:2   | Reached XP level 12. HP: 88/89 MP: 17/17
  4781 | Lair:2   | Reached skill level 16 in Unarmed Combat
  4850 | Lair:2   | Identified the ring of Deiwiviu {Fly rElec rF+++ rCorr
                  | Int-2}
  4883 | Lair:2   | Noticed a bog body
  4888 | Lair:2   | Killed a bog body
  5115 | Lair:3   | Slain by a komodo dragon

Illustrated notes

Levels and vault maps discovered:
D:1:      lightli_arrival_noodles, layout_rooms
D:2:      layout_basic
D:3:      minmay_spotlight, layout_basic, cheibrodos_sewer_entry_bend
D:4:      layout_loops_cross, dilly_guarded_unrand_throatcut, uniq_menkaure
D:5:      layout_gridville
D:6:      layout_basic, minmay_misc_feat_chi, uniq_sigmund
D:7:      kennysheep_six_static_rooms, layout_loops_corners,
          mainiacjoe_overflow_boulevard,
          mainiacjoe_overflow_concentric_impassable,
          minmay_temple_entry_nine_rooms, grunt_decor_arrowhead
D:8:      layout_basic, minivault_19, hellmonk_guarded_unrand_sphere_of_battle,
          uniq_pikel
D:9:      layout_basic, mainiacjoe_overflow_paths,
          chequers_temple_overflow_minitemple, dpeg_lair_monsters,
          hangedman_decor_peaks_small
Temple:   hellmonk_temple_divided_pantheon
Lair:1:   layout_hall_layers, infiniplex_staircase_pool, uniq_joseph
Lair:2:   layout_regular_city, nicolae_swamp_entry_splash_gauntlet
Lair:3:   layout_misc_corridors, guppyfry_snake_entry_garden,
          serial_bayou_shore_a

Skill      XL: |  1  2  3  4  5  6  7  8  9 10 11 12 |
---------------+-------------------------------------+-----
Unarmed Combat | 4 6 7 8 10 13 14 15 16 | 16.5
Shapeshifting  | 4 5 6 7 9 10 11 | 11.4
Invocations    | 2 5 6 |  6.9
Armour         | 2 4 |  4.0
Fighting       | 3 4 |  4.3
Dodging        | 3 4 |  4.6

Action                     |  1- 3 |  4- 6 |  7- 9 | 10-12 || total
---------------------------+-------+-------+-------+-------++-------
  Melee: Unarmed           |    73 |   119 |   221 |   312 ||   725
         Punch             |     1 |     4 |     7 |       ||    12
 Invoke: Heroism           |       |       |       |     3 ||     3
  Evoke: Wand              |       |       |       |     1 ||     1
    Use: Scroll            |       |     9 |     5 |     1 ||    15
         Potion            |       |       |       |     1 ||     1
 Armour: Animal skin       |    13 |       |       |       ||    13
         Ring mail         |    16 |   108 |   122 |   230 ||   476
  Dodge: Dodged            |    45 |    94 |   112 |   170 ||   421
   Form: Flux              |       |       |     1 |       ||     1

Table legend: (Time is in decaauts)
 A = Elapsed time spent in this place.
 B = Non-inter-level travel time spent in this place.
 C = Inter-level travel time spent in this place.
 D = Time resting spent in this place.
 E = Time spent auto-exploring this place.
 F = Levels seen in this place.
 G = Mean time per level.
                   A        B        C        D        E       F      G
               +--------+--------+--------+--------+--------+-----+--------+
         Total |   5020 |   4764 |    256 |      0 |   3128 |  14 |  358.6 |
       Dungeon |   4156 |   3915 |    241 |      0 |   2884 |   9 |  461.8 |
        Temple |     49 |     49 |      0 |      0 |      0 |   1 |   49.0 |
          Lair |    594 |    580 |     14 |      0 |    135 |   3 |  198.0 |
         Sewer |    219 |    219 |      0 |      0 |    109 |   1 |  219.0 |
               +--------+--------+--------+--------+--------+-----+--------+

Top non-repeatable levels by time:
     D:3: 702 daAuts
     D:7: 569 daAuts
     D:4: 545 daAuts
     D:5: 440 daAuts
     D:8: 414 daAuts
     D:9: 409 daAuts
     D:6: 386 daAuts
     D:1: 381 daAuts
  Lair:2: 362 daAuts
     D:2: 307 daAuts
   Sewer: 219 daAuts
  Lair:3: 122 daAuts
  Lair:1: 109 daAuts
  Temple: 49 daAuts
